 Dungeon Crawl Stone Soup version 0.28.0-45-g0d030f2227 (webtiles) character file.

Game seed: 8804556812629491348

34213 MisterFreud the Transmogrifier (level 11, -3/99 HPs)
             Began as a Green Draconian Transmuter on Apr 12, 2022.
             Was the Champion of Ru.
             Slain by a five-headed hydra (9 damage)
             ... on level 5 of the Lair of Beasts.
             The game lasted 00:36:03 (25307 turns).

MisterFreud the Transmogrifier (DrTm)              Turns: 25307, Time: 00:36:04

Health: -3/99      AC: 10    Str: 13    XL:     11   Next: 41%
Magic:  29/29      EV: 17    Int: 14    God:    Ru [******]
Gold:   914        SH:  0    Dex: 15    Spells: 10/22 levels left

rFire   . . .      SeeInvis +     - Unarmed
rCold   . . .      Faith    .   (no shield)
rNeg    . . .      Spirit   .   (armour unavailable)
rPois   +          Reflect  .   (helmet restricted)
rElec   .          Harm     .   q - +1 cloak
rCorr   .          Rampage  .   (no gloves)
Will    .....                   A - +0 pair of boots
Stlth   ..........              Q - amulet "Roiblach" {RegenMP MP+9}
HPRegen 0.26/turn               d - ring of see invisible
MPRegen 0.61/turn               (no ring)

@: exhausted
A: breathe noxious fumes, AC +7, unfitting armour, poison resistance,
cold-blooded, no stealth, hated by all, no hexes magic, no ice magic, no
translocations magic, unskilled 1, inexperienced 1
a: Breathe Noxious Fumes, Renounce Religion, Draw Out Power, Power Leap,
Apocalypse


You were on level 5 of the Lair of Beasts.
You worshipped Ru.
Ru was exalted by your worship.
You visited 3 branches of the dungeon, and saw 19 of its levels.

You collected 914 gold pieces.

Inventory:

Hand Weapons
 m - a +1 vampiric dagger
Missiles
 e - 35 poisoned darts
 g - a throwing net
 r - a boomerang
 s - 3 curare-tipped darts
 t - a boomerang of dispersal
 G - 6 datura-tipped darts
 N - 6 javelins
Armour
 q - a +1 cloak (worn)
 A - a +0 pair of boots (worn)
 O - a scarf of resistance
Jewellery
 d - a ring of see invisible (left hand)
 K - a ring of flight
 L - an amulet of guardian spirit
 Q - the amulet "Roiblach" (around neck) {RegenMP MP+9}
   (You found it on level 2 of the Lair of Beasts)

   [amulet of magic regeneration]

   It increases your rate of magic regeneration.
   MP:        It affects your magic capacity (+9).
 S - a +6 ring of dexterity
 T - a +6 ring of dexterity
Wands
 j - a wand of mindburst (12)
 n - a wand of charming (6)
 z - a wand of paralysis (20)
 D - a wand of polymorph (15)
 M - a wand of flame (5)
Scrolls
 c - 2 scrolls of teleportation
 h - 4 scrolls of vulnerability
 l - 2 scrolls of enchant weapon
 p - 2 scrolls of blinking
 u - a scroll of amnesia
 w - 2 scrolls of brand weapon
 y - a scroll of magic mapping
 B - a scroll of enchant armour
 F - a scroll of holy word
 H - 4 scrolls of fog
 I - 2 scrolls of summoning
 J - 7 scrolls of identify
 P - 2 scrolls of immolation
Potions
 a - 7 potions of brilliance
 b - 2 potions of lignification
 f - 8 potions of heal wounds
 k - 4 potions of ambrosia
 o - 5 potions of degeneration
 v - 2 potions of might
 x - 2 potions of flight
 C - a potion of cancellation
 E - 2 potions of curing
 R - a potion of haste


   Skills:
 - Level 10.0 Fighting
 - Level 10.0 Dodging
 - Level 10.0 Unarmed Combat
 - Level 6.0 Spellcasting
 + Level 10.3 Transmutations
 + Level 2.2 Earth Magic
 - Level 2.6 Poison Magic
 + Level 2.9 Evocations


You had 10 spell levels left.
You knew the following spells:

 Your Spells              Type           Power      Damage    Failure   Level
a - Beastly Appendage     Tmut           66%        N/A       1%          1
b - Wereblood             Tmut           33%        N/A       1%          2
c - Spider Form           Tmut/Pois      22%        N/A       3%          3
e - Statue Form           Tmut/Erth      14%        N/A       88%         6

Your spell library contained the following spells:

 Spells                   Type           Power      Damage    Failure   Level
 Blade Hands              Tmut           16%        N/A       6%          5
 Petrify                  Tmut/Erth      21%        N/A       12%         4
 Alistair's Intoxication  Tmut/Pois      14%        N/A       30%         5
 Vampiric Draining        Necr           4%         2d6       43%         3
 Olgreb's Toxic Radiance  Pois           11%        N/A       45%         4
 Irradiate                Conj/Tmut      9%         3d16      47%         5
 Lee's Rapid Deconstruct  Erth           5%         3d7*      86%         5
 Dragon Form              Tmut           16%        N/A       89%         7
 Ignition                 Fire           2%         3d3       100%        8
 Apportation              Tloc           Unusable   N/A       N/A         1
 Slow                     Hex            Unusable   N/A       N/A         1
 Ice Form                 Ice/Tmut       Unusable   N/A       N/A         4
 Ensorcelled Hibernation  Hex/Ice        Unusable   N/A       N/A         2
 Confusing Touch          Hex            Unusable   N/A       N/A         3
 Gell's Gravitas          Tloc           Unusable   N/A       N/A         3
 Lesser Beckoning         Tloc           Unusable   N/A       N/A         3
 Teleport Other           Tloc           Unusable   N/A       N/A         3
 Leda's Liquefaction      Hex/Erth       Unusable   N/A       N/A         4
 Anguish                  Hex/Necr       Unusable   N/A       N/A         4
 Metabolic Englaciation   Hex/Ice        Unusable   N/A       N/A         5
 Ozocubu's Refrigeration  Ice            Unusable   4d5       N/A         7

Dungeon Overview and Level Annotations

Branches:
Dungeon (12/15)            Temple (1/1) D:7            Lair (6/6) D:9
 Shoals (0/4) Lair:3       Spider (0/4) Lair:3        Slime (0/5) Lair:5
    Orc (0/2) D:10

Altars:
Ashenzari
Cheibriados
Dithmenos
Fedhas
Gozag
Hepliaklqana
Kikubaaqudgha
Makhleb
Nemelex Xobeh
Qazlal
Ru
Trog
Uskayaw
Vehumet
Wu Jian
Xom
Yredelemnul
Zin

Shops:
D:1 =   D:3 :   D:8 *

Annotations:
Lair:2 raph's ghost, journeyman GrEE
Lair:4 1 runed translucent door, theElss's ghost, journeyman GrBe


Innate Abilities, Weirdness & Mutations

You can breathe blasts of noxious fumes.
Your lurid green scales are hard. (AC +7)
You cannot fit into any form of body armour.
Your system is resistant to poisons. (rPois)
You are cold-blooded and may be slowed by cold attacks.
You cannot be stealthy.
You are hated by all.
You cannot study or cast Hexes magic.
You cannot study or cast Ice magic.
You cannot study or cast Translocations magic.
You are somewhat unskilled. (-1 Apt)
You are somewhat inexperienced. (-2 XL)


Message History

You can't leap on top of the monster!
Aiming: Power Leap
Press: ? - help, Dir - move target, f/p - five-headed hydra
Aim: a five-headed hydra (heavily wounded, very poisoned)
You can't leap on top of the monster!
Aiming: Power Leap
Press: ? - help, Dir - move target, p - five-headed hydra The five-headed hydra closely misses you.
The five-headed hydra completely misses you.
The five-headed hydra bites you!
* * * LOW HITPOINT WARNING * * *
The five-headed hydra misses you.
The five-headed hydra completely misses you.
Unknown command.
There is a stone staircase leading down here.
Your transformation is almost over.
Your transformation has ended.
Your +1 cloak unmelds from your body.
Your +0 pair of boots unmelds from your body.
Aiming: Mindburst
Press: ? - help, Shift-Dir - straight line, f - five-headed hydra
Aim: a five-headed hydra (almost dead, poisoned, chance to affect: 42%)
The five-headed hydra resists with some effort.
The five-headed hydra bites you but does no damage.
The five-headed hydra barely misses you.
The five-headed hydra misses you.
The five-headed hydra bites you but does no damage.
The five-headed hydra misses you.
Unknown command.
Unknown command.
Aiming: Mindburst
Press: ? - help, Shift-Dir - straight line, f/p - five-headed hydra
Aim: a five-headed hydra (almost dead, poisoned, chance to affect: 42%)
The five-headed hydra resists with some effort.
The five-headed hydra looks more healthy.
The five-headed hydra bites you but does no damage.
The five-headed hydra bites you.
* * * LOW HITPOINT WARNING * * *
The five-headed hydra bites you!
You die...

#.......≈≈≈.............####..
##......P.....#..........#....# #
#...P........................##
###.#..........#...........P.....
..####..#.#....##...+##.......^..
.#...####.........#...#...###..<.
...>....##..#....##.8.+....##....
.#.......)##...D.#...##..........
...##......##..#@....#...........
......#.............#..#.........
..#....###....8....##............
.###.######.......##.............
.# ### #...8...8.#...#..........
## ##.....................P. #
##....8....#..#......#.## ###
##.............#.......... ..#
##...#.##........#.##......


You could see a five-headed hydra.

Vanquished Creatures
  4 hydras
  A two-headed ogre (D:9)
  A sea snake (Lair:5)
  A cyclops (D:12)
  5 elephants (Lair:5)
  A merfolk siren (Lair:3)
  5 black mambas
  14 cane toads
  3 rime drakes
  6 komodo dragons
  A troll (D:10)
  2 polar bears (Lair:2)
  7 blink frogs
  2 meliai zombies
  A vampire (D:10)
  A wraith (D:11)
  6 wyverns
  3 basilisks
  A fire bat (D:10)
  55 yaks
  Eustachio (D:4)
  Grum (D:8)
  15 water moccasins
  An acid dragon (D:11)
  An ice beast (D:6)
  4 black bears
  9 orc warriors
  3 necrophages
  2 ogres
  9 wolves
  2 phantoms
  5 kobold brigands
  9 bullfrogs
  4 scorpions
  A wyvern skeleton (D:5)
  2 water moccasin skeletons
  10 killer bees
  3 wights
  An electric eel (D:10)
  A howler monkey (D:4)
  5 centaur zombies
  3 jellies
  3 hounds (D:5)
  9 orc priests
  2 bullfrog skeletons (D:5)
  A gnoll shaman (D:8)
  2 centaur skeletons
  3 iguanas
  12 orc wizards
  A howler monkey zombie (D:5)
  8 gnolls
  A howler monkey skeleton (D:5)
  6 adders
  A white imp (D:6)
  2 ufetubi (D:4)
  A worm (D:3)
  3 dart slugs
  46 orcs
  3 ball pythons
  4 endoplasms
  4 giant cockroaches
  5 goblins
  7 hobgoblins
  7 jackals
  31 kobolds
  3 quokkas
  7 bats
  6 frilled lizards
  A quokka skeleton (D:4)
  10 rats
401 creatures vanquished.

Vanquished Creatures (others)
  A hydra (Lair:2)
  A cane toad (Lair:1)
  A komodo dragon (Lair:5)
  A blink frog (Lair:5)
  A yak (Lair:1)
  An acid dragon (D:11)
  2 water moccasins
  A black bear (Lair:1)
  46 fungi
  68 plants
123 creatures vanquished.

Grand Total: 524 creatures vanquished

Notes
Turn   | Place    | Note
-------+----------+-------------------------------------------
     0 | D:1      | MisterFreud the Draconian Transmuter began the quest for
                  | the Orb.
     0 | D:1      | Reached XP level 1. HP: 16/16 MP: 3/3
    43 | D:1      | Found Byczinelagech's Jewellery Boutique.
    61 | D:1      | Reached XP level 2. HP: 11/23 MP: 3/5
   229 | D:1      | Learned a level 2 spell: Wereblood
   827 | D:1      | Reached XP level 3. HP: 28/28 MP: 4/6
  2129 | D:3      | Reached XP level 4. HP: 35/35 MP: 5/7
  2197 | D:3      | Noticed a scorpion
  2215 | D:3      | Killed a scorpion
  2396 | D:2      | Learned a level 3 spell: Spider Form
  2539 | D:3      | Reached XP level 5. HP: 38/40 MP: 8/8
  2671 | D:3      | Found a faded altar of an unknown god.
  2671 | D:3      | Noticed an ice devil
  2679 | D:3      | Found Deniypn's Book Emporium.
  3038 | D:3      | Reached skill level 1 in Poison Magic
  3278 | D:4      | Noticed an ogre
  3287 | D:3      | Reached XP level 6. HP: 21/47 MP: 0/9
  3647 | D:4      | Noticed Eustachio
  3665 | D:4      | Killed Eustachio
  3666 | D:4      | Reached skill level 5 in Transmutations
  3792 | D:3      | Your scales start taking on a lurid green colour.
  3792 | D:3      | Reached XP level 7. HP: 19/52 MP: 8/10
  3792 | D:3      | Gained mutation: Your system is resistant to poisons.
                  | (rPois) [Green Draconian growth]
  4696 | D:4      | Reached skill level 5 in Unarmed Combat
  5029 | D:5      | Entered Level 5 of the Dungeon
  5241 | D:5      | Reached XP level 8. HP: 44/60 MP: 11/11
  5572 | D:5      | Reached skill level 5 in Dodging
  6233 | D:6      | Reached skill level 5 in Fighting
  7188 | D:7      | Found a staircase to the Ecumenical Temple.
  7201 | D:7      | Reached XP level 9. HP: 68/75 MP: 8/12
  7217 | Temple   | Entered the Ecumenical Temple
  7268 | Temple   | Became a worshipper of Ru the Awakened
  8588 | D:8      | Found Fafueggo's General Store.
  8702 | D:7      | Gained mutation: You cannot be stealthy. [Ru sacrifice]
  9367 | D:8      | Noticed Grum
  9392 | D:8      | Killed Grum
  9976 | D:8      | Reached XP level 10. HP: 82/83 MP: 12/16
 10579 | D:9      | Reached skill level 10 in Unarmed Combat
 10588 | D:9      | Learned a level 4 spell: Ice Form
 10819 | D:9      | Reached skill level 1 in Ice Magic
 11175 | D:9      | Found a staircase to the Lair.
 11600 | D:9      | Noticed a two-headed ogre
 11610 | D:9      | Killed a two-headed ogre
 12248 | D:10     | Entered Level 10 of the Dungeon
 12341 | D:10     | Found a snail-covered altar of Cheibriados.
 12493 | D:10     | Gained mutation: You are somewhat inexperienced. (-2 XL)
                  | [Ru sacrifice]
 12493 | D:10     | Reached XP level 9. HP: 81/81 MP: 15/15
 12493 | D:10     | Reached XP level 8. HP: 74/74 MP: 14/14
 12493 | D:10     | Reached * piety under Ru
 12493 | D:10     | Reached ** piety under Ru
 12563 | D:10     | Reached XP level 9. HP: 40/82 MP: 13/15
 13571 | D:10     | Found a staircase to the Orcish Mines.
 13605 | D:10     | Learned a level 6 spell: Statue Form
 15332 | D:12     | Noticed a white ugly thing
 15445 | Lair:1   | Entered Level 1 of the Lair of Beasts
 15511 | Lair:1   | Reached skill level 10 in Fighting
 15545 | Lair:1   | Reached skill level 10 in Transmutations
 16029 | Lair:1   | Gained mutation: You are somewhat unskilled. (-1 Apt) [Ru
                  | sacrifice]
 16029 | Lair:1   | Reached *** piety under Ru
 16112 | Lair:1   | HP: 1/79 [poisoned by a cane toad]
 17777 | Lair:2   | Noticed a five-headed hydra
 17782 | Lair:2   | Killed a five-headed hydra
 17783 | Lair:2   | Reached XP level 10. HP: 91/91 MP: 9/16
 17842 | Lair:2   | Identified the amulet "Roiblach" {RegenMP MP+9}
 18135 | Lair:2   | Noticed a five-headed hydra
 18144 | Lair:2   | Killed a five-headed hydra
 18888 | Lair:2   | Reached skill level 10 in Fighting
 19163 | Lair:2   | Noticed a six-headed hydra
 19172 | Lair:2   | Killed a six-headed hydra
 19173 | Lair:2   | Reached skill level 10 in Unarmed Combat
 19173 | Lair:2   | Reached skill level 10 in Transmutations
 19547 | Lair:2   | Noticed an eight-headed hydra
 19554 | Lair:2   | Killed an eight-headed hydra
 19737 | Lair:2   | Found a runed translucent door.
 19737 | Lair:2   | Noticed raph's ghost (journeyman GrEE)
 20418 | Lair:3   | Found a hole to the Spider Nest.
 20418 | Lair:3   | Found a staircase to the Shoals.
 20456 | Lair:3   | Noticed a seven-headed hydra
 20464 | Lair:3   | Killed a seven-headed hydra
 20783 | Lair:3   | Gained mutation: You are hated by all. [Ru sacrifice]
 20783 | Lair:3   | Reached **** piety under Ru
 20783 | Lair:3   | Reached ***** piety under Ru
 21355 | Lair:3   | You fall into a shaft and drop 1 floor!
 21355 | Lair:4   | Identified the +4 war axe "Hellblazer" {chaos, rF++}
 21355 | Lair:4   | Noticed theElss's ghost (journeyman GrBe)
 21355 | Lair:4   | Found a runed translucent door.
 21355 | Lair:4   | Found a shimmering altar of Xom.
 22399 | Lair:5   | Found a staircase to the Slime Pits.
 22540 | Lair:5   | Reached skill level 10 in Dodging
 22540 | Lair:5   | Reached XP level 11. HP: 83/96 MP: 17/17
 22544 | Lair:5   | Reached skill level 5 in Spellcasting
 23215 | Lair:5   | Reached skill level 1 in Evocations
 23322 | Lair:5   | Gained mutation: You cannot study or cast Ice magic. [Ru
                  | sacrifice]
 23322 | Lair:5   | Gained mutation: You cannot study or cast Hexes magic. [Ru
                  | sacrifice]
 23322 | Lair:5   | Gained mutation: You cannot study or cast Translocations
                  | magic. [Ru sacrifice]
 23322 | Lair:5   | Reached ****** piety under Ru
 23652 | Lair:5   | Reached skill level 1 in Earth Magic
 24222 | Lair:6   | Entered Level 6 of the Lair of Beasts
 24405 | Lair:5   | HP: 4/99 [poisoned by a black mamba]
 25291 | Lair:5   | HP: 2/99 [five-headed hydra (15)]
 25307 | Lair:5   | Slain by a five-headed hydra

Illustrated notes

Levels and vault maps discovered:
D:1:      psy_arrival_dodecagon, layout_rooms, serial_shops, shop,
          hangedman_feature_mirror
D:2:      layout_basic
D:3:      layout_rooms, serial_shops, nicolae_shop_competitors_out_of_business,
          dreamdust_ecumenical_altar_sealed_demon, minmay_misc_feat_pillars,
          minmay_door_square
D:4:      layout_loops_ring, uniq_eustachio
D:5:      layout_rooms, serial_bayou, serial_bayou_shore_b,
          serial_bayou_shore_a, serial_bayou_ford_a, serial_bayou_pond_b
D:6:      layout_basic
D:7:      layout_loops_ring, temple_pool_b, minivault_19, solitary_fountain
D:8:      layout_basic, serial_shops, shop, lemuel_another_geyser, uniq_grum
D:9:      layout_stronghold, grunt_lair_entry_orc_guard_hut,
          kennysheep_flooded_box, palyth_stone_intersect,
          minmay_stone_trees_large, minmay_misc_feat_tiny
D:10:     layout_roguey, cheibriados_altar_1, erik_orc_2
D:11:     layout_loops_ring
D:12:     layout_gridville, nzn_hepliaklqana_mist_gate
Temple:   compressed_dpeg_circular_temple
Lair:1:   layout_cave_shapes, beast_lair_carwin_7, infiniplex_staircase_pool
Lair:2:   layout_chaotic_city, hellmonk_ghost_happy_afterlife,
          beast_lair_carwin_4, lemuel_fruit_tree
Lair:3:   layout_layer_cave, minmay_shoals_entry_lonely_mermaid,
          spider_nest_entry_web_field
Lair:4:   layout_roguey, ebering_ghost_xom
Lair:5:   layout_misc_corridors, slime_dummy, infiniplex_staircase_pool_2,
          grunt_megastairs_4
Lair:6:   evil_forest, layout_regular_city, grunt_megastairs_2

Skill      XL: |  1  2  3  4  5  6  7  8  9 10 11 |
---------------+----------------------------------+-----
Dodging        | 2 3 4 6 10 | 10.0
Transmutations | 3 4 6 8 9 10 | 10.3
Poison Magic   | 1 2 3 2 |  2.6
Unarmed Combat | 6 9 10 | 10.0
Fighting       | 6 9 10 | 10.0
Spellcasting   | 4 6 |  6.0
Ice Magic      | 4 4 0 |  0.0
Evocations     | 2 |  2.9
Earth Magic    | 2 |  2.2

Action                   |  1- 3 |  4- 6 |  7- 9 | 10-12 || total
-------------------------+-------+-------+-------+-------++-------
Melee: Unarmed           |   130 |   102 |   765 |   578 ||  1575
       Kick              |    19 |    15 |       |       ||    34
       Headbutt          |    14 |    12 |       |       ||    26
       Tailslap          |    14 |     7 |    51 |    31 ||   103
       Punch             |     3 |     4 |    12 |     8 ||    27
 Cast: Beastly Appendage |    22 |    11 |       |     1 ||    34
       Spider Form       |       |     6 |    52 |    30 ||    88
       Ice Form          |       |       |     2 |    25 ||    27
Invok: Sacrifice Experie |       |       |     1 |       ||     1
       Draw Out Power    |       |       |     1 |       ||     1
       Sacrifice Stealth |       |       |     1 |       ||     1
       Sacrifice Skill   |       |       |     1 |       ||     1
       Apocalypse        |       |       |       |     1 ||     1
       Sacrifice Love    |       |       |       |     1 ||     1
       Power Leap        |       |       |       |     1 ||     1
       Sacrifice Arcana  |       |       |       |     1 ||     1
 Abil: Breathe Noxious F |       |       |    19 |    10 ||    29
       End Transformatio |       |       |     5 |     4 ||     9
Evoke: Wand              |       |       |     2 |     4 ||     6
  Use: Potion            |       |       |     6 |     1 ||     7
       Scroll            |       |       |     9 |    16 ||    25
 Stab: Sleeping          |     1 |     2 |       |       ||     3
       Confused          |       |       |    14 |     9 ||    23
       Distracted        |       |       |     1 |       ||     1
       Invisible         |       |       |     2 |     4 ||     6
       Paralysed         |       |       |       |    10 ||    10
Armor: Skin              |    41 |    26 |   153 |    79 ||   299
Dodge: Dodged            |   110 |   107 |   595 |   444 ||  1256
